 Dungeon Crawl Stone Soup version 0.30-a0-912-ge10d75a369 (webtiles) character file.

Game seed: 7759466273188046802

4 CrazyBamboolord the Insei (level 1, -1/15 HPs)
             Began as a Merfolk Transmuter on Mar 19, 2023.
             Slain by a quokka (5 damage)
             ... on level 1 of the Dungeon.
             The game lasted 00:00:17 (94 turns).

CrazyBamboolord the Insei (Merfolk Transmuter)        Turns: 94, Time: 00:00:17

Health: -1/15      AC:  2    Str: 10    XL:     1   Next: 70%
Magic:  3/3        EV: 12    Int: 12    God:
Gold:   10         SH:  0    Dex: 14    Spells: 3/4 levels left

rFire   . . .      SeeInvis .      - Unarmed
rCold   . . .      Faith    .    (no shield)
rNeg    . . .      Spirit   .    a - +0 robe
rPois   .          Reflect  .    (no helmet)
rElec   .          Rampage  .    (no cloak)
rCorr   .                        (no gloves)
Will    .....                    (no boots)
Stlth   +                        (no amulet)
HPRegen 0.22/turn                (no ring)
MPRegen 0.08/turn                (no ring)

@: no status effects
A: (nimble swimmer 2), mertail
a: no special abilities


You were on level 1 of the Dungeon.
You visited 1 branch of the dungeon, and saw 1 of its levels.

You collected 10 gold pieces.

Inventory:

Armour
 a - a +0 robe (worn)
Potions
 b - 2 potions of lignification


   Skills:
 * Level 1.2 Fighting
 * Level 2.7 Dodging
 * Level 3.4 Unarmed Combat
 * Level 2.0 Spellcasting
 * Level 2.7 Transmutations


You had 3 spell levels left.
You knew the following spells:

 Your Spells              Type           Power      Damage    Failure   Level
a - Beastly Appendage     Tmut           14%        N/A       9%          1

Your spell library contained the following spells:

 Spells                   Type           Power      Damage    Failure   Level
 Wereblood                Tmut           7%         N/A       13%         2
 Spider Form              Tmut/Pois      4%         N/A       43%         3
 Ice Form                 Ice/Tmut       4%         N/A       83%         4


Dungeon Overview and Level Annotations

Branches:
Dungeon (1/15)

Altars:


Innate Abilities, Weirdness & Mutations

((You are very nimble when in or above water. (Stealth+, EV+, Speed+++)))
Your lower body shifts to a powerful aquatic tail in water.


Message History

The slug dart hits you.
You punch the dart slug!
You kill the dart slug!
No target in view!
No target in view!
No target in view!
Your transformation is almost over.
Magic restored.
HP restored.
You see here a dart slug corpse.
Your horns disappear.
You now have 10 gold pieces.
b - 2 potions of lignification (gained 1)
A quokka comes into view.
A quokka is nearby!
A quokka is nearby!
Casting: Beastly Appendage (safe; 9% risk of failure)
Press: ? - help, Q - select action Dir - look around, f - activate You grow a pair of large bovine horns.
A quokka comes into view.
You hit the quokka but do no damage. Your punch misses the quokka.
The quokka bites you.
You closely miss the quokka. The quokka bites you.
You closely miss the quokka. The quokka bites you.
You closely miss the quokka.
Your transformation is almost over.
The quokka closely misses you. The quokka attacks as you move away!
The quokka bites you. The quokka misses you.
The quokka attacks as you move away! The quokka closely misses you.
An endoplasm comes into view.
Found 4 gold pieces.
The quokka closely misses you.
You closely miss the quokka. Your headbutt misses the quokka.
Your horns disappear.
The quokka barely misses you.
You hit the quokka but do no damage. The quokka bites you.
* * * LOW HITPOINT WARNING * * *
You closely miss the quokka. The quokka bites you.
You die...

..## #.. ##### ###
#..#####...## .#
#...........##
##..##..........J.
................$ ##..
#.....#... #.....##.#
##.. ###.####.########.
....#####.....rr@.......
...............#########
#######.#..##### #.#..#
#.#..# ### #.#..# ..#
#.#..# #.# #.#..#
#.#####.#..#


You could see 2 quokkas.

Vanquished Creatures
  A dart slug (D:1)
  A hobgoblin (D:1)
  A bat (D:1)
3 creatures vanquished.

Notes
Turn   | Place    | Note
-------+----------+-------------------------------------------
     0 | D:1      | CrazyBamboolord the Merfolk Transmuter began the quest for
                  | the Orb.
     0 | D:1      | Reached XP level 1. HP: 15/15 MP: 3/3
    94 | D:1      | Slain by a quokka

Illustrated notes

Levels and vault maps discovered:
D:1:      dpeg_arrival_lava_temple_mockup, layout_loops_ring

Action                     || total
---------------------------++-------
  Melee: Unarmed           ||    15
         Headbutt          ||     1
   Cast: Beastly Appendage ||     2
 Armour: Robe              ||     1
  Dodge: Dodged            ||     7

Table legend: (Time is in decaauts)
 A = Elapsed time spent in this place.
 B = Non-inter-level travel time spent in this place.
 C = Inter-level travel time spent in this place.
 D = Time resting spent in this place.
 E = Time spent auto-exploring this place.
 F = Levels seen in this place.
 G = Mean time per level.
                   A        B        C        D        E       F      G
               +--------+--------+--------+--------+--------+-----+--------+
         Total |     92 |     92 |      0 |      0 |     63 |   1 |   92.0 |
       Dungeon |     92 |     92 |      0 |      0 |     63 |   1 |   92.0 |
               +--------+--------+--------+--------+--------+-----+--------+

Top non-repeatable levels by time:
     D:1: 92 daAuts
